 Dungeon Crawl Stone Soup version 0.18.1-8-gdd0e5ea (webtiles) character file.

105693 manyhoops the Shatterer (level 16, 0/186 HPs)
             Began as an Ogre Berserker on May 30, 2016.
             Was the Champion of Trog.
             Shot with an arrow by a centaur warrior (2 damage)
             ... on level 15 of the Dungeon.
             The game lasted 01:34:49 (34727 turns).

manyhoops the Shatterer (Ogre Berserker)           Turns: 34727, Time: 01:34:51

Health: 0/186      AC: 10    Str: 31    XL:     16   Next: 42%
Magic:  5/5        EV: 10    Int:  6    God:    Trog [******]
Gold:   2053       SH:  0    Dex:  9    Spells: 0 memorised, 15 levels left

rFire  . . .     SeeInvis .     t - +9 giant spiked club (antimagic)
rCold  . . .     Gourm    +     b - +0 troll leather armour
rNeg   . . .     Faith    .     (shield currently unavailable)
rPois  +         Spirit   .     j - +1 hat
rElec  .         Dismiss  .     M - +0 cloak {MR+}
rCorr  .         Reflect  .     (gloves unavailable)
SustAt +         Harm     .     (boots unavailable)
MR     +++..     Clarity  +     C - amulet of the gourmand
Stlth  +.........               N - ring of sustain attributes
                                D - +3 ring of protection

@: exhausted, very slightly contaminated, extremely resistant to hostile
enchantments, very unstealthy
A: unfitting armour, antennae 2, icy blue scales 1, rugged brown scales 1,
blink, blurry vision 1, clarity, deformed body, frail 1, high mp 1, magic
resistance 1, poison resistance, slow regeneration 1, tough skin 1
a: Blink, Berserk, Trog's Hand, Brothers in Arms, Burn Spellbooks, Renounce
Religion


You were on level 15 of the Dungeon.
You worshipped Trog.
Trog was exalted by your worship.
You were not hungry.

You visited 3 branches of the dungeon, and saw 25 of its levels.
You also visited: Sewer and Ice Cave.

You collected 2656 gold pieces.
You spent 603 gold pieces at shops.

Inventory:

Hand Weapons
 t - a +9 antimagic giant spiked club (weapon)
 w - the +6 whip "Fol Roimp" {speed, rF+ Str+2}
   (You found it on level 12 of the Dungeon)

   Attacks with this weapon are significantly faster.
   It affects your strength (+2).
   It protects you from fire.
 H - the +3 giant spiked club of Honour {speed, +Inv rElec rF+ Str-2}
   (Trog gifted it to you on level 14 of the Dungeon)

   Attacks with this weapon are significantly faster.
   It affects your strength (-2).
   It protects you from fire.
   It insulates you from electricity.
   It lets you turn invisible.
 P - a +3 flail of protection
Missiles
 A - a throwing net
 O - 4 poisoned javelins
 T - 16 large rocks (quivered)
 V - 10 tomahawks of returning
Armour
 b - a +0 troll leather armour (worn)
 j - a +1 hat (worn)
 G - a +0 robe of resistance
 M - a +0 cloak of magic resistance (worn)
Jewellery
 B - an uncursed ring of protection from fire
 C - an amulet of the gourmand (around neck)
 D - a +3 ring of protection (left hand)
 K - an uncursed ring of see invisible
 N - a ring of sustain attributes (right hand)
 Q - an uncursed ring of protection from fire
Wands
 v - a wand of teleportation (7/9)
 z - a wand of iceblast (7/15)
 U - a wand of enslavement (4/24)
 W - a wand of slowing (18/48)
 X - a wand of acid (7/15)
 Z - a wand of lightning (10/15)
Scrolls
 a - 5 scrolls of holy word
 k - 11 scrolls of teleportation
 l - 6 scrolls of recharging
 m - 5 scrolls of blinking
 s - 7 scrolls of noise
 x - 7 scrolls of remove curse
 y - 2 scrolls of immolation
 F - a scroll of enchant armour
 L - 2 scrolls of fear
 R - 2 scrolls of magic mapping
 S - 2 scrolls of enchant weapon
Potions
 c - 3 potions of ambrosia
 d - 8 potions of might
 e - 6 potions of curing
 f - 6 potions of brilliance
 g - 4 potions of flight
 i - 3 potions of heal wounds
 p - 5 potions of lignification
 r - 2 potions of agility
 I - a potion of resistance
 J - 2 potions of cure mutation
 Y - a potion of haste
Miscellaneous
 o - a sack of spiders
 q - a fan of gales
 u - a lamp of fire
 E - an ornate deck of defence
Comestibles
 h - 9 meat rations
 n - 2 bread rations


   Skills:
 + Level 22.0 Fighting
 - Level 24.0 Maces & Flails
 * Level 8.1 Throwing
 - Level 0.2 Armour
 - Level 2.6 Dodging


You had 15 spell levels left.
You didn't know any spells.

Dungeon Overview and Level Annotations

Branches:
Dungeon (15/15) Temple (0/1) D:6 Lair (8/8) D:10 Swamp (0/4) Lair:4 Spider (0/4) Lair:5 Slime (0/6) Lair:8 Orc (2/2) D:10 Vaults (0/5) D:12 D:13 Depths (0/5) D:15 Elf: Orc:2

Altars:
Ashenzari
Cheibriados
Dithmenos
Fedhas
Gozag
Kikubaaqudgha
Makhleb
Nemelex Xobeh
Qazlal
Sif Muna
Trog
Xom
Zin
The Shining One
Beogh
Jiyva

Shops:
D:4 *   D:8 *   D:15 ?   Orc:1 }

Annotations:
D:4 Metae's ghost, amateur MiGl
D:5 zeroDi's ghost, amateur VSAs


Innate Abilities, Weirdness & Mutations

You are too large for most types of armour.
You have tough skin (AC +1).
You have a pair of antennae on your head.
You are partially covered in icy blue scales (AC +1).
You are partially covered in rugged brown scales (AC +1, +3% HP).
You can translocate small distances at will.
Scrolls take you a little longer to read.
You possess an exceptional clarity of mind.
Armour fits poorly on your strangely shaped body.
You are frail (-10% HP).
You have an increased reservoir of magic (+10% MP).
You are resistant to hostile enchantments.
Your system is resistant to poisons.
You regenerate slowly when monsters are visible.


Message History

The frost giant casts a spell at you. The bolt of cold misses you.
You begin reading the scroll.
You continue reading the scroll.
The frost giant points at you and mumbles some strange words.
The bolt of cold hits you!
* * * LOW HITPOINT WARNING * * *
Blink to where?
Press: ? - help, Dir - move target cursor, p - frost giant You are very lightly contaminated with residual magic.
As you read the scroll of blinking, it crumbles to dust.
There is an open door here.
You close the door.
You begin reading the scroll.
You continue reading the scroll.
You feel yourself speed up.
The centaur warrior wields a glowing longbow.
It is covered in frost.
The centaur warrior shoots an arrow.
The arrow hits you!!
* * * LOW HITPOINT WARNING * * *
The arrow freezes you.
You die...

.........##.##C##.#.#######...#
+########'.##.≈.§.≈.#.##...####+#
#........#..#.≈...≈.#......#.....
#.+####'.#..#.≈.≈(≈.#......#.....
#.#....#.#..#.#.#.#.#......#.....
#.#.##.#.#..#≈..#..≈#......#....)
#.#.##.#.#.##≈≈cC.≈≈#.##...#[<...
#.#....#.#.#####'#######...###..#
#.+####'.#......@.....####'######
#........#(...........#..........
'########'............#..........
...............###....##.).).†...
###.#######....###....##.))......
....# #.....#.................
###.# #.....'.............<...
#.# #.....#.................
#.#######.####..#...##...###..#


You could see a frost giant and a centaur warrior.

Vanquished Creatures
  Rupert (D:13)
  Maud (D:14)
  A frost giant (IceCv)
  Fannar (Lair:1)
  8 hydras
  A catoblepas (Lair:3)
  5 centaur warriors
  The ghost of Heskey the Fighter, a novice DsGl of Okawaru (D:10)
  15 death yaks
  3 unseen horrors
  A skeletal warrior (D:13)
  4 hill giants
  A necromancer (D:14)
  2 orc knights
  A deep elf mage (D:12)
  12 ugly things
  2 wolf spiders (Lair:1)
  A griffon (Lair:8)
  A manticore (D:12)
  A cyclops (D:14)
  12 elephants
  An ice statue (IceCv)
  9 black mambas
  A gargoyle (D:12)
  4 centaur skeletons
  12 spiny frogs
  A torpor snail (Lair:8)
  3 rime drakes
  A yaktaur (D:15)
  11 komodo dragons
  2 kobold demonologists
  2 tengu conjurers (D:14)
  6 trolls
  24 blink frogs
  21 polar bears
  A two-headed ogre (D:10)
  A boulder beetle (Lair:7)
  3 raiju (Lair:8)
  Prince Ribbit (D:7)
  2 redbacks (Lair:5)
  A centaur simulacrum (D:15)
  2 vampires
  2 wraiths
  2 shadows (D:14)
  4 wyverns
  60 yaks
  16 humans
  14 hippogriffs
  5 hungry ghosts
  8 basilisks
  A fire elemental (Lair:3)
  Grum (D:9)
  5 wargs (Lair:8)
  2 vampire mosquitoes (D:14)
  A soldier ant (D:9)
  6 swamp worms (Lair:4)
  Duvessa (D:7)
  12 water moccasins
  7 hell hounds (Lair:8)
  A water moccasin (shapeshifter) (D:15)
  15 porcupines
  8 orc warriors
  2 phantoms
  17 black bears
  4 eyes of draining
  11 ice beasts
  3 sky beasts
  4 wasps
  2 necrophages
  3 boggarts (D:15)
  25 wolves
  6 ogres
  21 centaurs
  17 crocodiles
  23 giant frogs
  Dowan (D:7)
  A gnoll sergeant (D:12)
  A water moccasin skeleton (D:4)
  A wyvern skeleton (D:15)
  6 scorpions
  15 wights
  4 electric eels
  5 howler monkeys
  6 crimson imps
  A giant frog zombie (D:4)
  2 centaur zombies
  9 orc priests
  20 hounds
  5 jellies
  4 giant frog skeletons
  Natasha (twice) (D:3 D:2)
  10 iguanas
  21 orc wizards
  11 worker ants
  Ijyb (D:3)
  Terence (D:3)
  4 polar bear simulacra (D:14)
  A wolf simulacrum (D:14)
  3 yak simulacra (D:14)
  53 sheep
  4 hound zombies
  4 worker ant zombies
  Robin (D:3)
  17 adders
  8 gnolls
  90 river rats
  2 oozes (D:1)
  An adder skeleton (D:6)
  3 worms
  A dart slug (D:1)
  6 giant geckos
  55 orcs
  9 giant cockroaches
  16 goblins
  16 hobgoblins
  14 jackals
  5 quokkas
  2 ball pythons
  7 bats
  14 giant newts
  17 kobolds
  A quokka skeleton (D:5)
  11 rats
  3 river rat simulacra (D:14)
  A fire vortex (Lair:3)
  2 fungi
991 creatures vanquished.

Vanquished Creatures (collateral kills)
  A hill giant (D:7)
  2 yaks (IceCv)
  A black bear (Lair:8)
4 creatures vanquished.

Vanquished Creatures (others)
  A river rat (Lair:3)
  32 fungi
  31 plants
64 creatures vanquished.

Grand Total: 1059 creatures vanquished

Notes
Turn   | Place    | Note
--------------------------------------------------------------
     0 | D:1      | manyhoops the Ogre Berserker began the quest for the Orb.
     0 | D:1      | Reached XP level 1. HP: 24/24 MP: 1/1
    98 | D:1      | Reached XP level 2. HP: 25/32 MP: 2/2
   491 | D:1      | Reached skill level 5 in Maces & Flails
   491 | D:1      | Reached XP level 3. HP: 25/40 MP: 3/3
   560 | D:1      | Reached ** piety under Trog
   781 | D:1      | Found a shimmering altar of Xom.
  1527 | D:2      | Reached skill level 5 in Fighting
  1527 | D:2      | Reached XP level 4. HP: 19/50 MP: 4/4
  1764 | D:2      | Found a glowing golden altar of the Shining One.
  2094 | D:3      | Noticed Natasha
  2100 | D:3      | Killed Natasha
  2100 | D:3      | Reached skill level 6 in Maces & Flails
  2193 | D:3      | Noticed Ijyb
  2205 | D:3      | Noticed Natasha
  2268 | D:2      | Killed Natasha
  2268 | D:2      | Reached *** piety under Trog
  2268 | D:2      | Reached XP level 5. HP: 21/59 MP: 5/5
  2480 | D:3      | Killed Ijyb
  2564 | D:3      | Noticed Terence
  2577 | D:3      | Killed Terence
  2633 | D:3      | Found a glowing drain.
  2645 | Sewer    | Entered a sewer
  2980 | D:3      | Noticed Robin
  3011 | D:3      | Reached XP level 6. HP: 46/68 MP: 6/6
  3013 | D:3      | Reached **** piety under Trog
  3220 | D:3      | Found an ancient bone altar of Kikubaaqudgha.
  3220 | D:3      | Found a glowing silver altar of Zin.
  3220 | D:3      | Found a deep blue altar of Sif Muna.
  3408 | D:3      | Reached skill level 7 in Maces & Flails
  3495 | D:3      | Found a faded altar to an unknown god.
  3693 | D:3      | Killed Robin
  4004 | D:4      | Noticed Metae's ghost (amateur MiGl)
  4234 | D:4      | Found a snail-covered altar of Cheibriados.
  4310 | D:4      | Reached XP level 7. HP: 48/78 MP: 7/7
  4314 | D:4      | Reached skill level 8 in Maces & Flails
  4657 | D:4      | Found Xixtapti's General Store.
  4660 | D:4      | Bought a scroll of identify for 22 gold pieces
  5451 | D:5      | Entered Level 5 of the Dungeon
  5504 | D:5      | Reached skill level 9 in Maces & Flails
  5594 | D:5      | Noticed zeroDi's ghost (amateur VSAs)
  5785 | D:5      | Reached XP level 8. HP: 62/91 MP: 8/8
  6569 | D:6      | Found a staircase to the Ecumenical Temple.
  6613 | D:6      | Reached skill level 10 in Maces & Flails
  7175 | D:6      | Reached ***** piety under Trog
  7175 | D:6      | Reached skill level 10 in Fighting
  7750 | D:6      | Reached skill level 11 in Maces & Flails
  8128 | D:6      | Found a shadowy altar of Dithmenos.
  8452 | D:7      | Reached XP level 9. HP: 81/102 MP: 9/9
  8453 | D:7      | Noticed a hill giant
  8464 | D:7      | Killed a hill giant
  8695 | D:7      | Found Tynner's Book Boutique.
  8704 | D:7      | Noticed Prince Ribbit
  8711 | D:7      | Killed Prince Ribbit
  8780 | D:7      | Found a stormy altar of Qazlal.
  8850 | D:7      | Found a shattered altar of Ashenzari.
  8862 | D:7      | Reached skill level 12 in Maces & Flails
  8910 | D:7      | Noticed Duvessa
  8915 | D:7      | Noticed Dowan
  8915 | D:7      | Killed Duvessa
  8926 | D:7      | Killed Dowan
  9150 | D:7      | Found an opulent altar of Gozag.
  9222 | D:7      | Received a gift from Trog
  9283 | D:7      | Found a bloodstained altar of Trog.
  9449 | D:8      | Reached skill level 13 in Maces & Flails
  9568 | D:8      | Found Nugg's Assorted Antiques.
  9571 | D:8      | Bought a copper ring for 145 gold pieces
  9571 | D:8      | Bought a scroll of identify for 58 gold pieces
  9643 | D:8      | Reached XP level 10. HP: 99/117 MP: 10/10
 10252 | D:8      | Reached skill level 14 in Maces & Flails
 10552 | D:8      | Found a blossoming altar of Fedhas.
 10865 | D:9      | Reached skill level 1 in Throwing
 11077 | D:9      | Noticed Grum
 11092 | D:9      | Killed Grum
 11639 | D:9      | Found a burning altar of Makhleb.
 11639 | D:9      | Found a shimmering altar of Xom.
 11846 | D:10     | Entered Level 10 of the Dungeon
 12226 | D:10     | Noticed Heskey's ghost (novice DsGl)
 12484 | D:10     | Found a staircase to the Orcish Mines.
 12587 | D:10     | Reached skill level 15 in Fighting
 12587 | D:10     | Reached XP level 11. HP: 118/132 MP: 11/11
 12600 | D:10     | Killed Heskey's ghost
 12697 | D:10     | Gained mutation: You are frail (-10% HP). [mutagenic meat]
 12698 | D:10     | Gained mutation: You are partially covered in rugged brown scales (AC +1, +3% HP). [mutagenic meat]
 12699 | D:10     | Gained mutation: You have a pair of small antennae on your head. [mutagenic meat]
 12700 | D:10     | Gained mutation: You are dopey. (Int -2) [mutagenic meat]
 12973 | D:10     | Received a gift from Trog
 13045 | D:10     | Found a staircase to the Lair.
 13298 | Lair:1   | Entered Level 1 of the Lair of Beasts
 13298 | Lair:1   | Found a frozen archway.
 13536 | Lair:1   | Noticed a four-headed hydra
 13546 | D:10     | Killed a four-headed hydra
 13660 | IceCv    | Entered an ice cave
 14522 | IceCv    | Reached XP level 12. HP: 128/139 MP: 12/12
 14785 | IceCv    | Noticed a frost giant
 14826 | IceCv    | Killed a frost giant
 15402 | Lair:1   | Noticed Fannar
 15570 | Lair:1   | Killed Fannar
 15700 | Lair:1   | Received a gift from Trog
 15700 | Lair:1   | Reached skill level 5 in Throwing
 15809 | Lair:1   | Reached skill level 15 in Maces & Flails
 17593 | Lair:2   | Reached XP level 13. HP: 145/153 MP: 13/13
 17745 | Lair:2   | Received a gift from Trog
 17855 | Lair:2   | Reached skill level 16 in Maces & Flails
 19365 | Lair:3   | Reached skill level 17 in Maces & Flails
 19484 | Lair:3   | Received a gift from Trog
 20459 | Lair:4   | Got a heavily runed lead ring
 20461 | Lair:4   | Identified the ring "Oje Waer" {*Tele rElec Int-3 Dex-2 Stlth+} (You found it on level 4 of the Lair of Beasts)
 20785 | Lair:4   | Reached skill level 18 in Maces & Flails
 21785 | Lair:4   | Found a staircase to the Swamp.
 22232 | Lair:4   | Reached skill level 19 in Maces & Flails
 22379 | Lair:5   | Reached ****** piety under Trog
 22665 | Lair:4   | Received a gift from Trog
 22676 | Lair:4   | Reached XP level 14. HP: 40/161 MP: 14/14
 23311 | Lair:5   | Found a hole to the Spider Nest.
 24631 | Lair:6   | Reached skill level 20 in Maces & Flails
 24654 | Lair:6   | Gained mutation: You have a pair of antennae on your head. [potion of mutation]
 24654 | Lair:6   | Lost mutation: You are dopey. (Int -2) [potion of mutation]
 24654 | Lair:6   | Gained mutation: Your natural rate of healing is unusually fast. [potion of mutation]
 25497 | Lair:6   | Received a gift from Trog
 25830 | Lair:7   | Received a gift from Trog
 25830 | Lair:7   | Reached skill level 21 in Maces & Flails
 26430 | Lair:7   | Received a gift from Trog
 27064 | Lair:8   | Entered Level 8 of the Lair of Beasts
 27461 | Lair:8   | Reached skill level 22 in Maces & Flails
 27815 | Lair:8   | Found a staircase to the Slime Pits.
 27815 | Lair:8   | Found a viscous altar of Jiyva.
 28115 | Lair:8   | Reached XP level 15. HP: 107/170 MP: 15/15
 28753 | Lair:8   | Reached skill level 23 in Maces & Flails
 29022 | Lair:8   | Got a vibrating platinum amulet
 29090 | Lair:8   | Identified the amulet "Latsuc" {Faith rPois Int+8 Dex+3 Slay-4} (You found it on level 8 of the Lair of Beasts)
 29113 | Lair:8   | Received a gift from Trog
 29149 | Lair:8   | Received a gift from Trog
 30034 | Orc:1    | Entered Level 1 of the Orcish Mines
 30113 | Orc:1    | Found Seh Vito's Quality Used Wands.
 30365 | Orc:2    | Entered Level 2 of the Orcish Mines
 30545 | D:11     | Found a runed door.
 30643 | D:11     | Received a gift from Trog
 30704 | D:11     | Reached skill level 24 in Maces & Flails
 31051 | D:11     | Gained mutation: Scrolls take you a little longer to read. [mutagenic meat]
 31052 | D:11     | Gained mutation: You are very frail (-20% HP). [mutagenic meat]
 31055 | D:11     | Found a roughly hewn altar of Beogh.
 31187 | D:10     | Lost mutation: You are very frail (-20% HP). [potion of cure mutation]
 31187 | D:10     | Lost mutation: You are frail (-10% HP). [potion of cure mutation]
 31187 | D:10     | Lost mutation: Scrolls take you a little longer to read. [potion of cure mutation]
 31187 | D:10     | Lost mutation: Your natural rate of healing is unusually fast. [potion of cure mutation]
 31382 | D:12     | Got a crystal whip
 31383 | D:12     | Identified the +6 whip "Fol Roimp" {speed, rF+ Str+2} (You found it on level 12 of the Dungeon)
 32001 | D:13     | Found a gate to the Vaults.
 32001 | D:13     | Noticed Rupert
 32151 | D:13     | Found a sparkling altar of Nemelex Xobeh.
 32804 | D:13     | Killed Rupert
 32813 | D:13     | Gained mutation: You are partially covered in icy blue scales (AC +1). [mutagenic meat]
 32814 | D:13     | Gained mutation: Armour fits poorly on your strangely shaped body. [mutagenic meat]
 33228 | D:14     | Reached XP level 16. HP: 193/200 MP: 5/16
 33231 | D:14     | Received a gift from Trog
 33245 | D:14     | Got an iridescent giant spiked club {god gift}
 33248 | D:14     | Identified the +3 giant spiked club of Honour {speed, +Inv rElec rF+ Str-2} (Trog gifted it to you on level 14 of the Dungeon)
 33394 | D:14     | Identified a scroll of acquirement
 33431 | D:14     | Gained mutation: You are resistant to hostile enchantments. [mutagenic meat]
 33432 | D:14     | Gained mutation: You have an increased reservoir of magic (+10% MP). [mutagenic meat]
 33433 | D:14     | Gained mutation: Your system is resistant to poisons. [mutagenic meat]
 33434 | D:14     | Gained mutation: You regenerate slowly when monsters are visible. [mutagenic meat]
 33435 | D:14     | Gained mutation: You expend magic power (3 MP) to strengthen your wands. [mutagenic meat]
 33436 | D:14     | Lost mutation: You expend magic power (3 MP) to strengthen your wands. [mutagenic meat]
 33437 | D:14     | Gained mutation: You can translocate small distances at will. [mutagenic meat]
 33438 | D:14     | Gained mutation: You possess an exceptional clarity of mind. [mutagenic meat]
 33439 | D:14     | Gained mutation: Scrolls take you a little longer to read. [mutagenic meat]
 33447 | D:14     | Gained mutation: You are frail (-10% HP). [mutagenic meat]
 33465 | D:14     | Noticed Maud
 33481 | D:14     | Killed Maud
 33798 | D:14     | Found a shimmering altar of Xom.
 33904 | D:15     | Entered Level 15 of the Dungeon
 34126 | D:15     | Found Merphi Hyall's Magic Scroll Shop.
 34142 | D:15     | Bought a scroll of teleportation for 33 gold pieces
 34142 | D:15     | Bought a scroll of teleportation for 33 gold pieces
 34142 | D:15     | Bought a scroll of enchant weapon for 82 gold pieces
 34142 | D:15     | Bought a scroll of teleportation for 33 gold pieces
 34142 | D:15     | Bought a scroll of blinking for 82 gold pieces
 34142 | D:15     | Bought a scroll of enchant weapon for 82 gold pieces
 34142 | D:15     | Bought a scroll of teleportation for 33 gold pieces
 34681 | D:15     | Received a gift from Trog
 34717 | D:15     | Found a staircase to the Depths.
 34727 | D:15     | HP: 2/186 [centaur warrior/arrow (25)]
 34727 | D:15     | Shot with an arrow by a centaur warrior

Skill      XL: |  1  2  3  4  5  6  7  8  9 10 11 12 13 14 15 16 |
---------------+-------------------------------------------------+-----
Maces & Flails | 5 6 7 9 11 13 14 15 19 22 24 | 24.0
Fighting       | 5 6 7 8 10 12 15 18 19 20 22 | 22.0
Throwing       | 2 4 5 6 7 8 |  8.1
Armour         | |  0.2
Dodging        | |  2.6

Action                   |  1- 3 |  4- 6 |  7- 9 | 10-12 | 13-15 | 16-18 || total
-------------------------+-------+-------+-------+-------+-------+-------++-------
Melee: Mace              |   130 |    86 |       |       |       |       ||   216
       Flail             |       |   152 |   310 |   479 |    49 |       ||   990
       Giant spiked club |       |       |       |     3 |  1066 |   228 ||  1297
       Great mace        |       |       |       |    77 |    86 |       ||   163
Throw: Large rock        |       |       |       |    41 |    35 |     2 ||    78
       Throwing net      |       |       |       |       |     6 |       ||     6
       Javelin           |       |       |       |       |     9 |       ||     9
       Tomahawk          |       |       |       |       |     2 |       ||     2
Invok: Berserk           |       |       |     2 |     8 |    16 |     3 ||    29
       Brothers in Arms  |       |       |     2 |     2 |     1 |       ||     5
       Trog's Hand       |       |       |       |     1 |       |       ||     1
       Burn Spellbooks   |       |       |       |       |     5 |     1 ||     6
Evoke: Fan of gales      |       |       |       |       |     1 |       ||     1
  Use: Scroll            |       |     9 |     8 |     7 |    24 |     3 ||    51
       Potion            |       |       |       |     6 |     5 |       ||    11
 Stab: Distracted        |       |     1 |       |     1 |     1 |       ||     3
  Eat: Bread ration      |     1 |       |     1 |       |       |     1 ||     3
       Chunk             |       |     7 |    10 |    51 |    73 |    25 ||   166
       Meat ration       |       |       |     1 |     1 |       |       ||     2
       Royal jelly       |       |       |       |       |     1 |       ||     1
       Pizza             |       |       |       |       |     1 |       ||     1
Armor: Animal skin       |    37 |    64 |    47 |    21 |       |       ||   169
       Robe              |       |       |       |   169 |   269 |       ||   438
       Troll leather arm |       |       |       |       |    81 |    79 ||   160
Dodge: Dodged            |    73 |   118 |   113 |   214 |   521 |    79 ||  1118
